 Dungeon Crawl Stone Soup version 0.29.1-2-gbd0b4ee654 (webtiles) character file.

Game seed: 2601757393670734681

64 Orthodox the Trooper (level 4, -7/30 HPs)
             Began as a Gargoyle Monk on Oct 24, 2022.
             Killed from afar by a goblin (24 damage)
             ... with a bolt of dispelling energy
             ... on level 3 of the Dungeon.
             The game lasted 00:05:05 (3092 turns).

Orthodox the Trooper (Gargoyle Monk)                Turns: 3092, Time: 00:05:06

Health: -7/30      AC:  5    Str: 16    XL:     4   Next: 12%
Magic:  4/4        EV: 12    Int: 11    God:
Gold:   86         SH:  0    Dex: 12    Spells: 3/3 levels left

rFire   . . .      SeeInvis .   a - +0 hand axe
rCold   . . .      Faith    .   (no shield)
rNeg    + . .      Spirit   .   b - +0 robe
rPois   ∞          Reflect  .   (no helmet)
rElec   +          Harm     .   f - scarf {shadows}
rCorr   .          Rampage  .   (no gloves)
Will    .....                   (no boots)
Stlth   ++........              (no amulet)
HPRegen 0.10/turn               (no ring)
MPRegen 0.09/turn               (no ring)

@: no status effects
A: sickness immunity, AC +3, negative energy resistance 1, electricity
resistance, torment resistance 1, petrification resistance
a: no special abilities


You were on level 3 of the Dungeon.
You visited 1 branch of the dungeon, and saw 3 of its levels.

You collected 86 gold pieces.

Inventory:

Hand Weapons
 a - a +0 hand axe (weapon)
Missiles
 m - 5 javelins (quivered)
Armour
 b - a +0 robe (worn)
 f - a scarf of shadows (worn)
Jewellery
 q - a ring of willpower
Scrolls
 e - a scroll of butterflies {unknown}
 g - 4 scrolls of identify {unknown}
 i - 2 scrolls of poison {unknown}
 l - a scroll of noise {unknown}
 n - a scroll of enchant weapon {unknown}
 p - a scroll of amnesia {unknown}
 t - a scroll of teleportation {unknown}
 u - a scroll of blinking {unknown}
Potions
 c - a potion of ambrosia
 d - a potion of invisibility {unknown}
 h - a potion of haste {unknown}
 j - 2 potions of heal wounds {unknown}
 k - a potion of cancellation {unknown}
 o - a potion of curing
 r - a potion of flight {unknown}
 s - a potion of degeneration {unknown}


   Skills:
 + Level 4.4 Fighting
 + Level 3.6 Axes
 - Level 2.4 Dodging
 - Level 2.1 Stealth


You had 3 spell levels left.
You didn't know any spells.
Your spell library was empty.

Dungeon Overview and Level Annotations

Branches:
Dungeon (3/15)

Altars:


Innate Abilities, Weirdness & Mutations

You are immune to sickness and miasma.
Your stone body is resilient. (AC +3)
You are immune to poison.
You resist negative energy. (rN+)
You are resistant to electric shocks. (rElec)
You are resistant to unholy torment.
You are immune to petrification.


Message History

You kill the frilled lizard!
The orc hits you with a +0 mace.
You hit the orc.
The orc is almost dead.
The orc barely misses you.
You barely miss the orc.
The orc is almost dead.
The orc closely misses you. The orc hits you with a +0 mace.
You closely miss the orc.
The orc is almost dead.
The orc drinks a potion.
The orc is healed!
You hit the orc.
The orc is severely wounded.
The orc closely misses you.
You closely miss the orc.
The orc is severely wounded.
The orc hits you but does no damage.
You closely miss the orc.
The orc is severely wounded.
The orc hits you with a +0 mace.
You hit the orc.
You kill the orc!
Things that are here:
a +0 mace; a +0 ring mail
u - a scroll labelled ZOASTR OGUU You start resting.
A goblin comes into view.
It is wielding a +0 hammer and carrying a wand of quicksilver (12).
You start resting.
A goblin is nearby!
You start resting.
HP restored.
No target in view!
You see here a frilled lizard corpse.
The goblin shouts!
The goblin zaps a wand.
The bolt of dispelling energy hits you!
You see here a frilled lizard corpse.
The goblin zaps a wand.
The bolt of dispelling energy hits you!!
Ouch! That really hurt!
You die...

#.# #.# #.#
#############.#
#.............#
##.##########..#
##...## #.....
####.....#
##.#####
........@#
#####...#####
####.....#
......#......
##....# #.<.#
##)#†# ##.##
#.#.# #.# #.#.#
#.#
#......g...g.
...
#............
##.
#......##.### >


You could see a goblin.

Vanquished Creatures
  A worm (D:2)
  2 dart slugs (D:2)
  4 orcs (D:3)
  6 bats
  3 endoplasms
  2 giant cockroaches
  3 goblins
  4 hobgoblins (D:2)
  3 jackals (D:1)
  4 quokkas (D:1)
  5 ball pythons (D:1)
  3 frilled lizards
  5 kobolds
  4 rats
49 creatures vanquished.

Notes
Turn   | Place    | Note
-------+----------+-------------------------------------------
     0 | D:1      | Orthodox the Gargoyle Monk began the quest for the Orb.
     0 | D:1      | Reached XP level 1. HP: 14/14 MP: 1/1
   472 | D:1      | Reached XP level 2. HP: 12/19 MP: 2/2
  1010 | D:1      | Found a faded altar of an unknown god.
  1330 | D:1      | Reached XP level 3. HP: 15/24 MP: 3/3
  1525 | D:1      | Reached skill level 4 in Fighting
  1863 | D:2      | Identified the +0 ring mail of Cloud Cover {Regen+}
  2803 | D:3      | Reached XP level 4. HP: 18/30 MP: 4/4
  3092 | D:3      | Killed from afar by a goblin

Illustrated notes

Levels and vault maps discovered:
D:1:      co_arrival_random_square_maze, layout_basic,
          shapermc_ecumenical_altar_petra, minivault_4, minmay_cupped
D:2:      layout_loops_ring, minmay_misc_feat_plants
D:3:      layout_loops_ring, uniq_crazy_yiuf_cottage

Skill      XL: |  1  2  3 |
---------------+----------+-----
Axes           | 3 |  3.6
Fighting       | 4 |  4.4
Dodging        | |  2.4
Stealth        | |  2.1

Action                   |  1- 3 |  4- 6 || total
-------------------------+-------+-------++-------
Melee: Hand axe          |   147 |     9 ||   156
       Punch             |     2 |       ||     2
Throw: Javelin           |     1 |     1 ||     2
 Stab: Sleeping          |     7 |       ||     7
Armor: Robe              |    62 |     1 ||    63
Dodge: Dodged            |   110 |     4 ||   114
